 Dungeon Crawl Stone Soup version 0.26-a0-771-g060e6a62af (webtiles) character file.

Game seed: 6916730452351497846

44 miscthings the Chopper (level 3, -6/33 HPs)
             Began as a Palentonga Delver on Nov 8, 2020.
             Mangled by a river rat (7 damage)
             ... on level 3 of the Dungeon.
             The game lasted 00:01:46 (591 turns).

miscthings the Chopper (Palentonga Delver)           Turns: 591, Time: 00:01:47

Health: -6/33      AC:  4    Str: 16    XL:     3   Next: 41%
Magic:  3/3        EV:  9    Int: 10    God:
Gold:   0          SH:  0    Dex: 11    Spells: 2/2 levels left

rFire    . . .     SeeInvis +   a - +0 hand axe
rCold    . . .     Faith    .   (no shield)
rNeg     . . .     Spirit   .   b - +0 leather armour
rPois    .         Reflect  .   (no helmet)
rElec    .         Harm     .   (no cloak)
rCorr    .         Rampage  .   (no gloves)
MR       .....                  (no barding)
Stlth    ++........             (no amulet)
HPRegen  0.11/turn              (no ring)
MPRegen  0.08/turn              (no ring)

@: very slow
A: large, rugged brown scales 3, see invisible, deformed body, roll, armoured
tail
a: Rolling Charge


You were on level 3 of the Dungeon.
You visited 1 branch of the dungeon, and saw 3 of its levels.

Inventory:

Hand Weapons
 a - a +0 hand axe (weapon)
Armour
 b - a +0 leather armour (worn)
Wands
 g - a wand of digging (3)
Scrolls
 c - a scroll of fog
 e - a scroll of fear
Potions
 f - a potion of haste


   Skills:
 - Level 3.0 Fighting
 + Level 3.9 Axes
 - Level 1.5 Dodging
 - Level 3.3 Stealth


You had 2 spell levels left.
You didn't know any spells.
Your spell library was empty.

Dungeon Overview and Level Annotations

Branches:
Dungeon (5/15)
 Temple: D:4-7

Altars:

Portals:
Sewer: D:3


Innate Abilities, Weirdness & Mutations

You are completely covered in rugged brown scales. (AC +3, +7% HP)
You have supernaturally acute eyesight. (SInv)
Armour fits poorly on your strangely shaped body.
You can roll at foes to attack.
You have a long armoured tail.


Message History

The river rat bites you but does no damage.
You hit the river rat.
The river rat is moderately wounded.
The river rat bites you but does no damage.
You are too injured to fight recklessly!
You hit the river rat.
The river rat is heavily wounded.
The river rat completely misses you.
You hit the river rat.
Your tail-slap misses the river rat.
The river rat is severely wounded.
The river rat bites you.
* * * LOW HITPOINT WARNING * * *
You closely miss the river rat.
The river rat is severely wounded.
The river rat bites you.
* * * LOW HITPOINT WARNING * * *
You hit the river rat.
The river rat is almost dead.
The river rat bites you!
You die...

### ## ###≈# ≈# #≈≈≈#
≈# #≈#r##≈ #r#@#≈≈ #
#≈#≈#≈##≈# #≈#≈#≈≈≈≈#
#<#. #≈#≈#≈#### #.#.
#∩#≈≈≈≈≈≈#### ##.#.
#########≈#>. ....
##≈≈≈≈≈≈≈≈≈#.# #.#.
#.≈≈#≈#≈####.# #.#.
#..≈.≈≈≈≈≈...######...


You could see a river rat.

Vanquished Creatures
  2 adders (D:3)
  2 river rats (D:3)
  A worm (D:3)
  An orc (D:3)
  3 rats (D:3)
9 creatures vanquished.

Notes
Turn   | Place    | Note
-------+----------+-------------------------------------------
     0 | D:5      | miscthings the Palentonga Delver began the quest for the
                  | Orb.
     0 | D:5      | Reached XP level 1. HP: 20/20 MP: 1/1
    90 | D:3      | Reached XP level 2. HP: 8/27 MP: 2/2
   438 | D:3      | Reached XP level 3. HP: 6/33 MP: 3/3
   580 | D:3      | Found a glowing drain.
   590 | D:3      | HP: 1/33 [river rat (2)]
   591 | D:3      | Mangled by a river rat

Illustrated notes

Levels and vault maps discovered:
D:3:      layout_basic, lightli_sewer_entry_pipes, uniq_natasha, uniq_sigmund
D:4:      old_forge, layout_loops_ring, uniq_menkaure, uniq_edmund, uniq_duvessa
D:5:      layout_cave_pools, kennysheep_little_box,
          minmay_temple_entry_gardened_gates, basic_altar

Skill      XL: |  1  2 |
---------------+-------+-----
Axes           | 3 |  3.9
Fighting       | |  3.0
Dodging        | |  1.5
Stealth        | |  3.3

Action                   || total
-------------------------++-------
Melee: Hand axe          ||    57
       Tailslap          ||     7
 Abil: Rolling Charge    ||     2
  Use: Scroll            ||     1
 Stab: Sleeping          ||     2
Armor: Leather armour    ||    17
Dodge: Dodged            ||    15

Table legend: (Time is in decaauts)
 A = Elapsed time spent in this place.
 B = Non-inter-level travel time spent in this place.
 C = Inter-level travel time spent in this place.
 D = Time resting spent in this place.
 E = Time spent auto-exploring this place.
 F = Levels seen in this place.
 G = Mean time per level.
                   A        B        C        D        E       F      G
               +--------+--------+--------+--------+--------+-----+--------+
         Total |    611 |    607 |      4 |    264 |     65 |   3 |  203.7 |
       Dungeon |    611 |    607 |      4 |    264 |     65 |   3 |  203.7 |
               +--------+--------+--------+--------+--------+-----+--------+

Top non-repeatable levels by time:
     D:3: 549 daAuts
     D:4: 50 daAuts
     D:5: 11 daAuts
